 Dungeon Crawl Stone Soup version 0.31-a0-233-g139696dc86 (webtiles) character file.

Game seed: 13693021603345884218

212 qw the Shooter (level 5, -1/31 HPs)
             Began as a Gargoyle Hexslinger on July 9, 2023.
             Slain by Pikel
             ... wielding a +0 whip of electrocution
              (4 damage)
             ... on level 4 of the Dungeon.
             The game lasted 00:01:07 (2358 turns).

qw the Shooter (Gargoyle Hexslinger)                Turns: 2358, Time: 00:01:08

Health: -1/31      AC: 11    Str: 12    XL:     5   Next: 90%
Magic:  6/6        EV: 10    Int: 13    God:
Gold:   218        SH:  0    Dex: 14    Spells: 5/6 levels left

rFire   + + .        Y - +2 sling
rCold   . . .        (no shield)
rNeg    + . .        a - +1 ring mail of Lubruo {rF++}
rPois   inf          f - +0 helmet
rElec   +            (no cloak)
rCorr   +            (no gloves)
SInv    .            (no boots)
Will    .....        j - amulet of regeneration
Stlth   +            h - ring of resist corrosion
HPRegen 1.05/turn    (no ring)
MPRegen 0.10/turn

%: no passive effects
@: about to teleport
A: sickness immunity, AC +4, negative energy resistance 1, electricity
resistance, torment resistance 1, petrification resistance
a: no special abilities


You were on level 4 of the Dungeon.
You visited 1 branch of the dungeon, and saw 4 of its levels.

You collected 218 gold pieces.


Innate Abilities, Weirdness & Mutations

You are immune to sickness and miasma.
Your stone body is resilient. (AC +4)
You are immune to poison.
You resist negative energy. (rN+)
You are resistant to electric shocks. (rElec)
You are resistant to unholy torment.
You are immune to petrification.


   Skills:
 + Level 2.7 Fighting
 - Level 5.2 Ranged Weapons
 - Level 1.0 Armour
 - Level 1.5 Dodging
 - Level 1.0 Spellcasting
 - Level 2.6 Hexes


You had 5 spell levels left.
You knew the following spells:

 Your Spells              Type           Power      Damage    Failure   Level
a - Slow                  Hex            28%        N/A       22%         1

Your spell library contained the following spells:

 Spells                   Type           Power      Damage    Failure   Level
 Inner Flame              Hex/Fire       4%         N/A       73%         3
 Portal Projectile        Hex/Tloc       8%         N/A       73%         3
 Cause Fear               Hex            3%         N/A       91%         4

Inventory:

Hand Weapons
 Y - a +2 sling (weapon)
Armour
 a - the +1 ring mail of Lubruo (worn) {rF++}
   (You found it on level 3 of the Dungeon)

   rF:        It greatly protects you from fire.
 f - a +0 helmet (worn)
Jewellery
 b - a ring of flight
 h - a ring of resist corrosion (left hand)
 j - an amulet of regeneration (around neck)
Scrolls
 l - 6 scrolls of teleportation
 n - a scroll of identify
Potions
 d - a potion of mutation
 g - 2 potions of haste
 i - a potion of curing {unknown}
 k - a potion of degeneration {unknown}
 m - 2 potions of enlightenment

Dungeon Overview and Level Annotations

Branches:
Dungeon (4/15)
 Temple: D:4-7

Altars:
Qazlal
Zin

Annotations:
D:4 Pikel


Message History

You shoot a sling bullet.
The sling bullet closely misses the lemure.
The water moccasin bites you.
The jackal bites you but does no damage.
The water moccasin bites you but does no damage.
Pikel hits you but does no damage. The lemure hits you but does no damage.
The lemure hits you. The lemure barely misses you.
The jackal bites you but does no damage.
You shoot a sling bullet.
The sling bullet closely misses the lemure.
The water moccasin bites you but does no damage.
The jackal bites you but does no damage.
Pikel barely misses you. The lemure hits you.
The lemure hits you but does no damage. The lemure hits you.
The water moccasin bites you but does no damage.
The jackal misses you.
You shoot a sling bullet. The sling bullet hits the lemure!
The lemure is heavily wounded.
The water moccasin bites you but does no damage.
Pikel hits you with a +0 whip of electrocution.
The lemure hits you but does no damage. x2; The lemure closely misses you.
The jackal bites you but does no damage.
The water moccasin barely misses you. The lemure closely misses you.
The lemure hits you but does no damage.
Pikel hits you with a +0 whip of electrocution.
The lemure closely misses you.
The jackal bites you but does no damage.
2357 ||| READING 7 scrolls of teleportation.
As you read the scroll of teleportation, it crumbles to dust.
You feel strangely unstable.
The water moccasin bites you but does no damage.
The jackal closely misses you.
Pikel hits you with a +0 whip of electrocution.
The lemure hits you but does no damage. x2; The lemure closely misses you.
You shoot a sling bullet. The sling bullet hits the lemure.
The lemure is heavily wounded.
The water moccasin misses you. The jackal barely misses you.
The water moccasin closely misses you.
Pikel hits you with a +0 whip of electrocution.
You die...

.........#...#
......)..#...# #........
......<.....># #........
..........#..# #......).
.........##..# #........
(........##..# #........
.........##..###h.......
##.##[#####...##S5......
#............>h@55%....
####..###.##...5K.#.##.
##.###.##..........
#..##.###..#.......
##.##.# #....#.....
#.##.# #..........
#.#..# ##......#..
#.#.## #......... #...#


You could see Pikel, a water moccasin, 4 lemures and 2 jackals.

Vanquished Creatures
  A hound (D:4)
  4 gnolls (D:3)
  8 adders
  3 dart slugs (D:1)
  An orc (D:4)
  6 ball pythons
  5 bats
  2 endoplasms
  4 hobgoblins
  5 jackals
  9 kobolds
  6 quokkas
  3 frilled lizards
  4 goblins
  10 rats
71 creatures vanquished.

Notes
Turn   | Place    | Note
-------+----------+-------------------------------------------
     0 | D:1      | qw the Gargoyle Hexslinger began the quest for the Orb.
     0 | D:1      | Reached XP level 1. HP: 12/12 MP: 2/2
     0 | D:1      | 0 ||| qw: Version: 0.3-a-51-g015441d
     0 | D:1      | 0 ||| qw: Game counter: 3982
     0 | D:1      | 0 ||| qw: Melee chars always use a shield: true
     0 | D:1      | 0 ||| qw: God list: Okawaru
     0 | D:1      | 0 ||| qw: Allow faded altars: false
     0 | D:1      | 0 ||| qw: Do Orc after clearing Dungeon:15 true
     0 | D:1      | 0 ||| qw: Do second Lair branch before Depths: true
     0 | D:1      | 0 ||| qw: Lair rune preference: random
     0 | D:1      | 0 ||| qw: Goals: Normal
     0 | D:1      | 0 ||| PLANNING D:1-11
   123 | D:1      | Reached XP level 2. HP: 16/16 MP: 3/3
   205 | D:1      | 205 ||| Stepping ~*~*~tactically~*~*~ (outnumbered).
   207 | D:1      | 207 ||| Stepping ~*~*~tactically~*~*~ (outnumbered).
   212 | D:1      | Reached skill level 3 in Ranged Weapons
   506 | D:1      | Reached XP level 3. HP: 21/21 MP: 4/4
   768 | D:1      | 768 ||| UPGRADING to +0 helmet.
   773 | D:1      | 773 ||| UPGRADING to amulet of regeneration.
   778 | D:1      | 778 ||| DROPPING ring of magical power.
   779 | D:1      | 779 ||| READING scroll labelled VESIAPN JEPI.
   880 | D:1      | 880 ||| READING 2 scrolls labelled SORURUPA KOSSI.
   881 | D:1      | 881 ||| READING 7 scrolls labelled HEIM FIPRYROMI.
   885 | D:1      | 885 ||| READING scroll labelled FAGY HUFIAS.
   886 | D:1      | 886 ||| READING 2 scrolls labelled OPNIOM DAHAYFE.
   887 | D:1      | 887 ||| DRINKING 2 smoky grey potions.
   888 | D:1      | 888 ||| DROPPING scroll of poison.
   889 | D:1      | 889 ||| DROPPING scroll of noise.
   921 | D:2      | 921 ||| STAIRDANCE
  1036 | D:2      | Reached XP level 4. HP: 26/26 MP: 5/5
  1249 | D:2      | Reached skill level 4 in Ranged Weapons
  1415 | D:2      | 1415 ||| READING scroll labelled YFOGUSOIRE.
  1416 | D:2      | 1416 ||| READING scroll labelled PUURRI QANE.
  1417 | D:2      | 1417 ||| READING scroll labelled ZAPSIE JONITEBB.
  1418 | D:2      | 1418 ||| READING scroll labelled ACKEIV ERCHOSIF.
  1436 | D:3      | Identified the +1 ring mail of Lubruo {rF++}
  1463 | D:3      | Found a stormy altar of Qazlal.
  1530 | D:3      | Found a faded altar of an unknown god.
  1768 | D:3      | Reached XP level 5. HP: 30/30 MP: 6/6
  1988 | D:3      | Found a glowing silver altar of Zin.
  2197 | D:3      | 2197 ||| UPGRADING to +1 ring mail of Lubruo {rF++}.
  2207 | D:3      | 2207 ||| DROPPING +0 robe.
  2208 | D:3      | 2208 ||| UPGRADING to ring of resist corrosion.
  2209 | D:3      | 2209 ||| READING 2 scrolls labelled HAURENIRIA.
  2210 | D:3      | 2210 ||| READING 3 scrolls labelled GUTIJO UZYGURGH.
  2211 | D:3      | 2211 ||| DRINKING 3 metallic red potions.
  2212 | D:3      | 2212 ||| READING 2 scrolls of identify.
  2212 | D:3      | 2212 ||| IDENTIFYING blue potion
  2213 | D:3      | 2213 ||| DROPPING scroll of amnesia.
  2214 | D:3      | 2214 ||| DROPPING 2 scrolls of blinking.
  2272 | D:4      | Identified the +0 buckler "Imeth" {Int+5}
  2288 | D:4      | Reached skill level 1 in Armour
  2318 | D:4      | Reached skill level 5 in Ranged Weapons
  2340 | D:4      | Noticed a lemure
  2341 | D:4      | Noticed a lemure
  2341 | D:4      | Noticed a lemure
  2341 | D:4      | Noticed a lemure
  2343 | D:4      | Noticed Pikel
  2345 | D:4      | Noticed a water moccasin
  2356 | D:4      | HP: 7/31 [Pikel/+0 whip of electrocution (5)]
  2357 | D:4      | 2357 ||| READING 7 scrolls of teleportation.
  2357 | D:4      | HP: 1/31 [Pikel/+0 whip of electrocution (4)]
  2358 | D:4      | Slain by Pikel

Levels and vault maps discovered:
D:1:      grunt_arrival_lava_bath, layout_basic, minmay_pentomino_z4
D:2:      layout_rooms, minmay_bisected
D:3:      layout_loops_cross, lemuel_coloured_pillars_altar,
          grunt_qazlal_sundering, hellmonk_ecumenical_altar_run_dry,
          minmay_crystal_room
D:4:      layout_rooms, grunt_tough_drop, uniq_pikel, uniq_natasha

Skill      XL: |  1  2  3  4  5 |
---------------+----------------+-----
Ranged Weapons | 3 4 5 |  5.2
Fighting       | 2 |  2.7
Armour         | 1 |  1.0
Dodging        | |  1.5
Spellcasting   | |  1.0
Hexes          | |  2.6

Action                     |  1- 3 |  4- 6 || total
---------------------------+-------+-------++-------
   Fire: Sling             |    86 |   174 ||   260
    Use: Scroll            |     5 |     8 ||    13
         Potion            |     1 |     1 ||     2
 Armour: Robe              |    17 |    21 ||    38
         Ring mail         |       |    75 ||    75
  Dodge: Dodged            |    31 |   116 ||   147

Table legend:
 A = Non-vault XP
 B = Vault XP
 C = Vault XP percentage of total XP
 D = Non-vault monster count
 E = Vault monster count
 F = Vault count percentage of total count
                 A         B        C        D         E       F
            +---------+---------+-------+---------+---------+-------
      Total |     293 |      11 |   3.6 |      65 |       6 |   8.5
            +---------+---------+-------+---------+---------+-------
        D:1 |      45 |       3 |   6.2 |      17 |       2 |  10.5
        D:2 |      59 |       8 |  11.9 |      17 |       4 |  19.0
        D:3 |      93 |       0 |   0.0 |      21 |       0 |   0.0
        D:4 |      96 |       0 |   0.0 |      10 |       0 |   0.0
            +---------+---------+-------+---------+---------+-------
